Map: Ghost River LE

Players

Cyan

  • Race: Protoss Protoss
  • Spawn Location: 1:00

Bunny - Winner!

  • Race: Terran Terran
  • Spawn Location: 11:00

Event: ESL Spring 2024 Finals

VOD

Have the link to the VOD?

Description

Time

  • Played on: May 31, 2024, 6:35 p.m.
  • Length: 12:41

All games in this series

Show
View Real Time Build Order
Export as new Build Order

Cyan Protoss 

Build Orders: 1 Gate Expand 

Get SALT Encoding   

  12  0:00  Probe  
  13  0:12  Probe  
  14  0:17  Pylon  
  14  0:24  Probe (Chrono Boost)  
  15  0:36  Probe (Chrono Boost)  
  15  0:38  Gateway  
  16  0:45  Probe (Chrono Boost)  
  16  0:46  Assimilator  
  17  0:51  Probe  
  18  1:03  Probe  
  19  1:15  Probe  
  20  1:28  Cybernetics Core  
  22  1:36  Nexus  
  22  1:38  Pylon  
  20  1:41  Probe  
  20  1:45  Assimilator  
  21  1:53  Probe  
  22  2:01  Adept (Chrono Boost), Warp Gate (Chrono Boost)  
  22  2:05  Probe  
  25  2:17  Probe  
  25  2:21  Adept (Chrono Boost)  
  26  2:29  Twilight Council  
  29  2:30  Probe  
  29  2:42  Gateway, Probe  
  29  2:48  Stalker  
  31  2:52  Probe  
  31  2:54  Probe  
  33  3:04  Probe  
  34  3:06  Probe  
  34  3:07  Charge  
  35  3:15  Robotics Facility  
  35  3:16  Probe  
  35  3:19  Probe  
  37  3:26  Pylon  
  37  3:28  Probe (Chrono Boost)  
  39  3:34  Gateway  
  39  3:35  Probe (Chrono Boost)  
  39  3:40  Gateway, Probe (Chrono Boost)  
  40  3:45  Sentry  
  40  3:46  Probe x2 (Chrono Boost)  
  44  3:51  Stalker  
  44  3:55  Probe  
  47  3:58  Pylon  
  47  4:01  Shield Battery, Probe  
  48  4:03  Observer  
  48  4:07  Probe  
  50  4:13  Probe  
  50  4:16  Stalker  
  49  4:25  Probe  
  49  4:29  Warp Prism  
  52  4:33  Probe  
  52  4:36  Pylon  
  53  4:42  Stalker  
  53  4:44  Stalker  
  57  4:57  Nexus  
  57  4:59  Probe (Chrono Boost)  
  58  5:00  Probe (Chrono Boost)  
  59  5:10  Probe x2 (Chrono Boost)  
  59  5:11  Forge  
  61  5:15  Probe (Chrono Boost)  
  61  5:16  Probe  
  63  5:24  Gateway  
  63  5:25  Gateway  
  63  5:30  Gateway  
  63  5:32  Gateway, Probe  
  63  5:33  Observer (Chrono Boost)  
  65  5:36  Probe  
  64  5:44  Probe  
  64  5:48  Probe  
  64  5:49  Immortal (Chrono Boost)  
  66  5:52  Pylon  
  70  6:05  Pylon  
  70  6:06  Pylon  
  70  6:08  Probe  
  70  6:09  Pylon  
  69  6:13  Zealot x3, Sentry  
  77  6:19  Zealot x2  
  77  6:22  Shield Battery, Probe x2  
  83  6:32  Zealot x2  
  85  6:36  Zealot x3  
  93  6:42  Zealot x2  
  95  6:52  Stalker  
  96  6:56  Stalker x2  
  98  7:01  Stalker x2  
  98  7:07  Zealot x3  
  95  7:20  Zealot x3  
  95  7:22  Probe  
  98  7:23  Probe  
  89  7:41  Probe (Chrono Boost)  
  89  7:43  Forge  
  92  7:45  Stalker x2  
  92  7:46  Stalker  
  92  7:47  Probe x2 (Chrono Boost)  
  92  7:50  Probe (Chrono Boost)  
  99  7:56  Probe  
  100  8:03  Probe x2  
  100  8:04  Forge  
  102  8:11  Pylon  
  96  8:23  Zealot x8  
  96  8:26  Protoss Ground Weapons Level 1 (Chrono Boost)  
  100  8:35  Protoss Ground Armor Level 1 (Chrono Boost)  
  98  8:44  Gateway  
  98  8:46  Gateway  
  91  8:48  Pylon  
  91  8:49  Zealot x5, Sentry  
  91  8:50  Zealot x2  
  91  8:53  Blink (Chrono Boost)  
  91  8:55  Probe x2  
  109  8:57  Pylon  
  109  9:00  Probe  
  109  9:21  Stalker x4, Zealot x4  
  125  9:41  Zealot  
  125  9:42  Zealot  
  125  9:44  Nexus  
  129  9:48  Pylon  
  129  9:52  Pylon  
  131  9:57  Immortal (Chrono Boost)  
  133  10:02  Probe  
  132  10:07  Stalker x3, Zealot x4  
  132  10:10  Probe x2  
  148  10:14  Zealot x2  
  150  10:26  Probe x3  
  150  10:28  Assimilator  
  151  10:31  Assimilator, Zealot x3  
  157  10:36  Robotics Bay  
  157  10:40  Pylon  
  157  10:41  Pylon  
  157  10:42  Pylon  
  157  10:49  Shield Battery  
  157  10:56  Probe x3, Pylon  
  148  11:20  Zealot x8  
  140  11:29  Disruptor (Chrono Boost), Probe x2  
  140  11:31  Shield Battery  
  138  11:34  Pylon  
  138  11:36  Robotics Facility  
  138  11:37  Zealot x6  
  138  11:38  Zealot x4  
  162  11:40  Probe x2  
  162  11:41  Probe x2  
  166  11:48  Pylon  
  166  11:49  Photon Cannon  
  166  11:52  Probe  
  165  12:00  Disruptor  
  157  12:03  Zealot  
  157  12:04  Zealot x7  
  157  12:08  Pylon  
  173  12:14  Zealot x2  
  119  12:26  Zealot x5  
  119  12:27  Zealot x3  
Show
View Real Time Build Order
Export as new Build Order

Bunny Terran - Winner!

Build Orders:  

Get SALT Encoding   

  12  0:00  SCV  
  13  0:12  SCV  
  14  0:17  Supply Depot  
  14  0:24  SCV  
  15  0:38  SCV  
  15  0:39  Barracks  
  16  0:42  Refinery  
  16  0:50  SCV  
  16  0:52  Refinery  
  17  1:02  SCV  
  18  1:15  SCV  
  19  1:27  Orbital Command, Reaper  
  19  1:28  Supply Depot  
  20  1:39  Factory  
  20  1:52  SCV  
  21  1:59  Reaper  
  22  2:04  SCV  
  23  2:14  Command Center  
  23  2:17  SCV  
  24  2:23  Hellion  
  24  2:29  SCV  
  27  2:32  Barracks Reactor  
  27  2:41  SCV, Starport  
  28  2:47  Supply Depot  
  28  2:48  Widow Mine  
  30  2:53  SCV  
  31  3:08  SCV, Marine x2  
  31  3:10  Widow Mine  
  36  3:19  Medivac  
  38  3:20  SCV  
  39  3:30  Marine x2  
  39  3:32  Orbital Command, SCV  
  42  3:35  Widow Mine  
  44  3:42  Supply Depot  
  44  3:44  SCV  
  45  3:50  Marine x2, Barracks  
  45  3:52  Starport Tech Lab  
  47  3:57  SCV  
  47  3:58  SCV  
  49  4:02  Barracks  
  49  4:09  SCV  
  50  4:10  SCV  
  51  4:23  Marine x2  
  51  4:27  SCV x2, Factory Tech Lab  
  51  4:28  Supply Depot  
  51  4:30  Engineering Bay  
  51  4:39  SCV x2, Bunker  
  51  4:40  Starport Reactor  
  51  4:41  Marine x2  
  51  4:42  Supply Depot  
  51  4:44  Refinery  
  55  4:48  Siege Tank  
  55  4:49  Marine  
  55  4:52  Barracks Tech Lab  
  59  4:54  SCV x2  
  59  4:57  Stimpack  
  59  4:59  Terran Infantry Weapons Level 1  
  61  5:05  Supply Depot  
  61  5:06  SCV  
  63  5:07  SCV  
  63  5:11  Marine x2  
  63  5:13  Refinery  
  63  5:14  Combat Shield  
  65  5:16  Marine  
  65  5:17  Marine  
  65  5:19  SCV  
  65  5:20  SCV  
  69  5:24  Siege Tank  
  72  5:29  Medivac  
  72  5:32  Supply Depot  
  74  5:36  Marine x4  
  74  5:40  SCV  
  74  5:41  SCV  
  74  5:42  Medivac  
  80  5:54  Marine x2  
  80  5:55  Marauder x2  
  87  5:57  Widow Mine  
  85  6:05  SCV  
  85  6:06  SCV  
  85  6:10  Supply Depot  
  87  6:14  Medivac x2  
  87  6:17  Marauder  
  87  6:18  Marine  
  94  6:28  Command Center  
  94  6:31  Marine  
  94  6:32  Supply Depot, Concussive Shells, Marauder  
  97  6:34  Supply Depot  
  97  6:36  SCV x2  
  97  6:39  Siege Tank  
  102  6:54  Marine x2, Marauder x2  
  102  6:56  Medivac  
  109  7:12  Marine x2  
  109  7:13  SCV x2  
  109  7:14  Barracks, Medivac  
  109  7:15  Barracks  
  107  7:16  Marauder x2  
  107  7:23  Siege Tank  
  106  7:34  Marine x2  
  100  7:37  Marauder  
  100  7:42  Marauder  
  104  7:44  Terran Infantry Armor Level 1  
  104  7:45  Supply Depot, SCV x2  
  106  7:53  Marine x2  
  106  7:56  Siege Tank  
  106  7:57  SCV x2, Missile Turret  
  111  8:02  Barracks Tech Lab  
  111  8:03  Missile Turret, Barracks Reactor  
  111  8:05  Missile Turret  
  111  8:08  Orbital Command  
  111  8:17  Marauder x2  
  111  8:19  Marine x2  
  113  8:21  SCV x2  
  112  8:28  Siege Tank  
  112  8:33  SCV x2  
  110  8:38  Marauder x2  
  111  8:44  Marine x2  
  110  8:48  SCV x2  
  112  8:55  Viking  
  112  8:59  SCV  
  112  9:00  SCV  
  112  9:01  SCV  
  117  9:03  Viking  
  119  9:11  SCV  
  119  9:13  SCV x2  
  122  9:17  Ghost Academy  
  122  9:21  Refinery  
  122  9:23  SCV, Marauder x2  
  127  9:24  Marauder  
  127  9:25  SCV x2  
  130  9:31  Marine x3  
  130  9:32  Marine  
  130  9:35  SCV  
  130  9:37  SCV x2  
  130  9:38  Medivac  
  139  9:41  Medivac  
  141  9:57  Marine  
  141  10:01  Supply Depot  
  141  10:09  Supply Depot  
  141  10:10  Supply Depot x2  
  141  10:18  Marine  
  141  10:19  Command Center  
  141  10:20  Marine  
  141  10:22  Marine x2, Marauder x2  
  141  10:23  Marauder  
  148  10:28  SCV  
  148  10:31  Supply Depot, SCV x2  
  148  10:32  Factory Reactor  
  148  10:33  Supply Depot  
  151  10:42  Marine x3  
  152  10:43  Marine, Ghost x2  
  152  10:48  Liberator x2  
  152  10:49  Sensor Tower  
  165  10:50  SCV x3  
  165  10:56  Ghost, Refinery  
  170  11:02  Marine x4  
  173  11:11  Armory  
  173  11:13  Engineering Bay  
  173  11:17  Marauder  
  173  11:18  Marauder  
  174  11:20  Marine x2  
  172  11:25  Marauder  
  172  11:29  Marine x2  
  172  11:30  SCV  
  174  11:33  SCV  
  174  11:34  SCV  
  174  11:38  Ghost  
  178  11:42  SCV, Marine x2  
  178  11:47  SCV x2  
  183  11:54  SCV  
  183  12:00  Ghost x2  
  188  12:03  Marine x2  
  188  12:04  Marine x2  
  193  12:08  SCV x2  
  193  12:09  SCV  
  193  12:10  Widow Mine  
Tags
 
Add a new tag
Caveats
  • Supply blocks, unpowered buildings, or Contaminate may cause inaccurate times.
  • Supply counts are checked every 10 seconds.